 Dungeon Crawl Stone Soup version 0.30-a0-802-gb92711bcdf (webtiles) character file.

Game seed: 12168494417861999971

106 jimonade the Grasshopper (level 4, -2/45 HPs)
             Began as an Ogre Warper on Feb 24, 2023.
             Slain by Edmund
             ... wielding a +2 flail of venom
              (5 damage)
             ... on level 6 of the Dungeon.
             The game lasted 00:05:24 (2135 turns).

jimonade the Grasshopper (Ogre Warper)              Turns: 2135, Time: 00:05:25

Health: -2/45      AC:  7    Str: 15    XL:     4   Next: 84%
Magic:  0/7        EV: 10    Int: 14    God:
Gold:   74         SH:  0    Dex: 10    Spells: 0/7 levels left

rFire   . . .      SeeInvis .    a - +1 mace
rCold   . . .      Faith    .    (no shield)
rNeg    . . .      Spirit   +    b - +0 robe
rPois   .          Reflect  .    (helmet restricted)
rElec   .          Harm     .    (no cloak)
rCorr   .          Rampage  .    (gloves unavailable)
Will    .....                    (boots unavailable)
Stlth   +                        m - amulet of guardian spirit
HPRegen 0.27/turn                i - +4 ring of protection
MPRegen 0.10/turn                (no ring)

@: lethally poisoned (-2 -> -27), weak-willed
A: large, unfitting armour, tough skin 1
a: no special abilities


You were on level 6 of the Dungeon.
You visited 1 branch of the dungeon, and saw 5 of its levels.

You collected 74 gold pieces.

Inventory:

Hand Weapons
 a - a +1 mace (weapon)
Missiles
 d - 7 boomerangs of dispersal (quivered)
 g - 4 curare-tipped darts
 l - 15 stones
Armour
 b - a +0 robe (worn)
Jewellery
 i - a +4 ring of protection (left hand)
 m - an amulet of guardian spirit (around neck)
Scrolls
 c - a scroll of blinking
Potions
 e - 3 potions of might {unknown}
 h - a potion of flight {unknown}
 k - 3 potions of curing {unknown}
 n - a potion of lignification {unknown}
 p - a potion of invisibility {unknown}
 q - a potion of brilliance {unknown}


   Skills:
 + Level 3.3 Fighting
 + Level 3.2 Maces & Flails
 + Level 1.0 Throwing
 + Level 2.5 Dodging
 + Level 2.4 Spellcasting
 * Level 3.4 Translocations


You couldn't memorise any spells.
You knew the following spells:

 Your Spells              Type           Power      Damage    Failure   Level
a - Blink                 Tloc           22%        N/A       9%          2
b - Lesser Beckoning      Tloc           22%        N/A       9%          2
c - Teleport Other        Tloc           11%        N/A       17%         3

Your spell library contained the following spells:

 Spells                   Type           Power      Damage    Failure   Level
 Shock                    Conj/Air       4%         1d3       22%         1
 Summon Small Mammal      Summ           4%         N/A       22%         1
 Vhi's Electric Charge    Tloc/Air       12%        N/A       34%         3
 Manifold Assault         Tloc           11%        N/A       50%         4
 Call Canine Familiar     Summ           1%         N/A       56%         3
 Summon Guardian Golem    Hex/Summ       1%         N/A       56%         3
 Swiftness                Air            1%         N/A       56%         3
 Airstrike                Air            0%         2d(1-17)  92%         4


Dungeon Overview and Level Annotations

Branches:
Dungeon (6/15)
 Temple: D:4-7

Altars:

Shops:
D:1 =   D:3 =*

Annotations:
D:6 Edmund


Innate Abilities, Weirdness & Mutations

You are too large for most types of armour.
You have tough skin. (AC +1)


Message History

There is a stone staircase leading up here.
Edmund the Younger comes into view.
He is wielding a +2 flail of venom.
Edmund shouts!
Edmund drinks a potion.
Edmund seems to speed up.
Edmund misses you.
Edmund hits you with a +2 flail of venom!
Edmund attacks as you move away! Edmund closely misses you.
Edmund attacks as you move away! Edmund barely misses you. x2
Edmund misses you.
There is a stone staircase leading up here.
Cast which spell? (? or * to list)
Aiming: Teleport Other (dangerous; 17% risk of failure)
Press: ? - help, Shift-Dir - straight line, f - Edmund
Aim: Edmund, wielding a +2 flail of venom and wearing a +0 leather armour (fast, chance to affect: 50%) Edmund looks slightly unstable.
Edmund hits you with a +2 flail of venom.
You are poisoned.
You hit Edmund.
Edmund is lightly wounded.
You feel very sick.
Edmund disappears!
Edmund reappears nearby!
Edmund hits you with a +2 flail of venom.
You are more poisoned.
Edmund hits you with a +2 flail of venom.
You are more poisoned.
You hit Edmund.
Edmund is lightly wounded.
You feel extremely sick. Edmund hits you but does no damage.
You are lethally poisoned!
Edmund hits you with a +2 flail of venom!
* * * LOW HITPOINT WARNING * * *
You are more poisoned.
You sock Edmund!
Edmund is moderately wounded.
* * * LOW HITPOINT WARNING * * *
You feel extremely sick. Edmund closely misses you.
Edmund hits you with a +2 flail of venom.
You die...

##.########## #
#...........#
##.#####.##..# #..#
#........#...###..# ###
#.......###.....##..###...#
#.##.##.# ##...###........#
#. #.# ##..# ##.###...# #
#.# #..####.# .## #.#
#..@@...# # #.# #+#######
#.# #...# #.....# #.......#
P.~P.....<# ≈SPPP......+
~♣≈♣~P~P....# ♣≈♣~~P....##


You could see Edmund (fast).

Vanquished Creatures
  A hound (D:5)
  An adder (D:3)
  2 dart slugs
  6 bats
  8 endoplasms
  2 giant cockroaches
  5 goblins
  2 hobgoblins
  4 jackals (D:3)
  6 kobolds
  6 quokkas
  7 ball pythons
  4 frilled lizards
  3 rats (D:1)
57 creatures vanquished.

Vanquished Creatures (others)
  A plant (D:6)
1 creature vanquished.

Grand Total: 58 creatures vanquished

Notes
Turn   | Place    | Note
-------+----------+-------------------------------------------
     0 | D:1      | jimonade the Ogre Warper began the quest for the Orb.
     0 | D:1      | Reached XP level 1. HP: 22/22 MP: 3/3
    48 | D:1      | Reached XP level 2. HP: 26/29 MP: 5/5
   343 | D:1      | Reached XP level 3. HP: 36/36 MP: 6/6
   453 | D:1      | Found Teasmer's Jewellery Emporium.
  1561 | D:3      | Found Soraguig's Jewellery Shop.
  1612 | D:3      | Reached XP level 4. HP: 37/45 MP: 7/7
  1676 | D:3      | Learned a level 2 spell: Blink
  1679 | D:3      | Learned a level 2 spell: Lesser Beckoning
  1683 | D:3      | Learned a level 3 spell: Teleport Other
  1739 | D:3      | Found Lahuor's General Store.
  2057 | D:3      | You fall into a shaft and drop 3 floors!
  2070 | D:5      | Entered Level 5 of the Dungeon
  2123 | D:6      | Noticed Edmund
  2135 | D:6      | Slain by Edmund

Illustrated notes

Levels and vault maps discovered:
D:1:      dpeg_arrival_fog, layout_basic, serial_shops, shop
D:2:      layout_basic
D:3:      layout_basic, lemuel_tele_altar, serial_shops, shop, shop,
          nicolae_diamond_shop, hangedman_decor_clover_reticule,
          minmay_misc_feat_five, dreamdust_wishing_well
D:5:      layout_cave_pools, serial_gnoll_camp, gnoll_camp_mini_shop,
          gnoll_camp_huts_basic, gnoll_camp_mini_basic, gnoll_camp_mini_shop,
          gnoll_camp_mini_sergeant, gnoll_camp_mini_doghouse
D:6:      layout_loops_corners, portal_sewer_entry_e, minmay_shop_mass,
          st_stairs_14, small_statue_intersection, serial_bayou_lagoon_a,
          uniq_edmund, uniq_eustachio

Skill      XL: |  1  2  3  4 |
---------------+-------------+-----
Maces & Flails | 2 3 |  3.2
Translocations | 3 |  3.4
Fighting       | 3 |  3.3
Throwing       | |  1.0
Dodging        | |  2.5
Spellcasting   | |  2.4

Action                     |  1- 3 |  4- 6 || total
---------------------------+-------+-------++-------
  Melee: Mace              |   143 |    32 ||   175
   Cast: Teleport Other    |       |     1 ||     1
    Use: Scroll            |       |     3 ||     3
 Armour: Robe              |    60 |    13 ||    73
  Dodge: Dodged            |    84 |    25 ||   109

Table legend: (Time is in decaauts)
 A = Elapsed time spent in this place.
 B = Non-inter-level travel time spent in this place.
 C = Inter-level travel time spent in this place.
 D = Time resting spent in this place.
 E = Time spent auto-exploring this place.
 F = Levels seen in this place.
 G = Mean time per level.
                   A        B        C        D        E       F      G
               +--------+--------+--------+--------+--------+-----+--------+
         Total |   2183 |   2082 |    101 |     17 |   1526 |   5 |  436.6 |
       Dungeon |   2183 |   2082 |    101 |     17 |   1526 |   5 |  436.6 |
               +--------+--------+--------+--------+--------+-----+--------+

Top non-repeatable levels by time:
     D:2: 909 daAuts
     D:3: 599 daAuts
     D:1: 592 daAuts
     D:6: 62 daAuts
     D:5: 19 daAuts
